 Dungeon Crawl Stone Soup version 0.28-a0-1389-gc726bef33b (webtiles) character file.

Game seed: 6457794523588770401

9 Atlas the Chiller (level 2, -1/19 HPs)
             Began as a Demonspawn Ice Elementalist on Jan 4, 2022.
             Slain by a ball python (3 damage)
             ... on level 1 of the Dungeon.
             The game lasted 00:00:32 (693 turns).

Atlas the Chiller (Demonspawn Ice Elementalist)      Turns: 693, Time: 00:00:33

Health: -1/19      AC:  2    Str:  8    XL:     2   Next: 3%
Magic:  5/5        EV:  9    Int: 16    God:
Gold:   55         SH:  0    Dex: 13    Spells: 4/5 levels left

rFire   . . .      SeeInvis .   (no weapon)
rCold   . . .      Faith    .   (no shield)
rNeg    . . .      Spirit   .   a - +0 robe
rPois   .          Reflect  .   (no helmet)
rElec   .          Harm     .   (no cloak)
rCorr   .          Rampage  .   (no gloves)
Will    .....                   (no boots)
Stlth   ++........              (no amulet)
HPRegen 0.06/turn               (no ring)
MPRegen 0.09/turn               (no ring)

@: constricted
A: claws 1
a: no special abilities


You were on level 1 of the Dungeon.
You visited 1 branch of the dungeon, and saw 2 of its levels.

You collected 55 gold pieces.

Inventory:

Armour
 a - a +0 robe (worn)
Scrolls
 b - a scroll of torment {unknown}
Potions
 c - 2 potions of degeneration {unknown}
 d - a potion of lignification {unknown}
 e - a potion of cancellation {unknown}


   Skills:
 + Level 1.8 Dodging
 + Level 1.8 Stealth
 + Level 2.0 Spellcasting
 + Level 4.0 Ice Magic


You had 4 spell levels left.
You knew the following spells:

 Your Spells              Type           Power      Damage    Failure   Level
a - Freeze                Ice            56%        1d7       4%          1

Your spell library contained the following spells:

 Spells                   Type           Power      Damage    Failure   Level
 Frozen Ramparts          Ice            28%        1d4       12%         3
 Ozocubu's Armour         Ice            14%        N/A       12%         3
 Hailstorm                Conj/Ice       8%         3d4       65%         4


Dungeon Overview and Level Annotations

Branches:
Dungeon (2/15)

Altars:


Innate Abilities, Weirdness & Mutations

You have sharp fingernails.


Message History

Your demonic ancestry asserts itself...
Your fingernails lengthen.
Things that are here:
a +0 short sword; a kobold corpse A ball python comes into view.
A ball python is nearby!
A ball python is nearby!
A ball python is nearby!
The ball python hisses angrily.
A bat comes into view.
You scratch the ball python but do no damage.
The ball python bites you but does no damage.
The ball python closely misses you.
You scratch the ball python.
The ball python is moderately wounded.
The ball python barely misses you. The ball python grabs you.
The ball python constricts you. The ball python bites you.
The ball python constricts you. The ball python barely misses you.
The ball python constricts you. The ball python closely misses you.
The ball python constricts you. The ball python bites you.
The ball python constricts you. The ball python bites you.
The ball python constricts you. The ball python barely misses you.
The ball python constricts you.
The ball python bites you but does no damage.
The ball python constricts you.
The ball python bites you but does no damage.
The ball python constricts you. The ball python bites you.
The ball python constricts you. The ball python bites you.
The ball python constricts you. The ball python bites you.
The ball python constricts you. The ball python bites you.
* * * LOW HITPOINT WARNING * * *
The ball python constricts you.
* * * LOW HITPOINT WARNING * * *
The ball python closely misses you. The ball python constricts you.
The ball python closely misses you. The ball python constricts you.
The ball python bites you but does no damage.
The ball python constricts you. The ball python bites you.
You die...

#.# #.# #. #.# #.
... #) #.# ##. #.#
# ##### #.. #.# #.
#...###.. #S#
#.##.#...... #@#
#......###.#
#.#######.#.## #.#
#.##......#.####.#
#.##.###.........#
#.#...##....######
#...........##
###...##.....##
##.###......##
#...........###


You could see a ball python.

Vanquished Creatures
  A bat (D:1)
  A goblin (D:1)
  A hobgoblin (D:1)
  2 kobolds (D:1)
  A quokka (D:1)
  A frilled lizard (D:1)
7 creatures vanquished.

Notes
Turn   | Place    | Note
-------+----------+-------------------------------------------
     0 | D:1      | Atlas the Demonspawn Ice Elementalist began the quest for
                  | the Orb.
     0 | D:1      | Reached XP level 1. HP: 13/13 MP: 3/3
   117 | D:1      | You fall into a shaft and drop 1 floor!
   124 | D:2      | Noticed a hound
   544 | D:1      | Reached skill level 4 in Ice Magic
   544 | D:1      | Discovered your monstrous ancestry.
   544 | D:1      | Gained mutation: You have sharp fingernails. [demonic
                  | ancestry]
   544 | D:1      | Reached XP level 2. HP: 14/19 MP: 1/5
   693 | D:1      | Slain by a ball python

Illustrated notes

Levels and vault maps discovered:
D:1:      dpeg_arrival_renting, layout_loops_ring
D:2:      layout_basic, shapermc_ecumenical_altar_rom_forum, basic_altar,
          minmay_misc_feat_ornament

Skill      XL: |  1 |
---------------+----+-----
Ice Magic      | 4 |  4.0
Dodging        | |  1.8
Stealth        | |  1.8
Spellcasting   | |  2.0

Action                   || total
-------------------------++-------
Melee: Unarmed           ||     3
 Cast: Freeze            ||    10
Armor: Robe              ||     6
Dodge: Dodged            ||    16

Table legend: (Time is in decaauts)
 A = Elapsed time spent in this place.
 B = Non-inter-level travel time spent in this place.
 C = Inter-level travel time spent in this place.
 D = Time resting spent in this place.
 E = Time spent auto-exploring this place.
 F = Levels seen in this place.
 G = Mean time per level.
                   A        B        C        D        E       F      G
               +--------+--------+--------+--------+--------+-----+--------+
         Total |    693 |    693 |      0 |      0 |    595 |   2 |  346.5 |
       Dungeon |    693 |    693 |      0 |      0 |    595 |   2 |  346.5 |
               +--------+--------+--------+--------+--------+-----+--------+

Top non-repeatable levels by time:
     D:1: 633 daAuts
     D:2: 59 daAuts
